 Dungeon Crawl Stone Soup version 0.29-a0-813-g4a14ea37d6 (webtiles) character file.

Game seed: 10158838965575670378

4127 Anon1729 the Carver (level 10, -16/77 HPs)
             Began as a Minotaur Monk on July 4, 2022.
             Was a Priest of Hepliaklqana.
             Demolished by a two-headed ogre
             ... wielding a +0 giant club
              (17 damage)
             ... on level 8 of the Dungeon.
             The game lasted 00:04:50 (9168 turns).

Anon1729 the Carver (Minotaur Monk)                 Turns: 9168, Time: 00:04:50

Health: -16/77     AC:  5    Str: 16    XL:     10   Next: 6%
Magic:  9/9        EV: 16    Int:  7    God:    Hepliaklqana [***...]
Gold:   308        SH:  0    Dex: 17    Spells: 9/9 levels left

rFire   . . .      SeeInvis .   l - +2 falchion (vorpal)
rCold   . . .      Faith    .   (no shield)
rNeg    . . .      Spirit   .   b - +0 robe
rPois   .          Reflect  .   (helmet restricted)
rElec   .          Harm     .   t - +0 cloak
rCorr   .          Rampage  .   w - +0 pair of gloves
Will    .....                   (no boots)
Stlth   +++.......              (no amulet)
HPRegen 0.22/turn               (no ring)
MPRegen 0.11/turn               (no ring)

@: no status effects
A: reduced essence, horns 2, retaliatory headbutt
a: Renounce Religion, Recall Ancestor, Ancestor Identity, Transference


You were on level 8 of the Dungeon.
You worshipped Hepliaklqana.
Hepliaklqana was most pleased with you.
You visited 1 branch of the dungeon, and saw 8 of its levels.

You collected 344 gold pieces.
You spent 36 gold pieces at shops.

Inventory:

Hand Weapons
 a - a +0 falchion
 l - a +2 vorpal falchion (weapon)
 D - a +0 great sword
Missiles
 s - 4 atropa-tipped darts (quivered)
Armour
 b - a +0 robe (worn)
 t - a +0 cloak (worn)
 w - a +0 pair of gloves (worn)
Jewellery
 q - a ring of flight
 A - a +4 ring of evasion
Wands
 p - a wand of light (3)
 v - a wand of polymorph (16)
Scrolls
 e - a scroll of blinking {unknown}
 h - 6 scrolls of teleportation
 i - a scroll of magic mapping {unknown}
 j - a scroll of amnesia {unknown}
 k - 11 scrolls of identify {unknown}
 m - a scroll of enchant armour {unknown}
 y - a scroll of silence {unknown}
 z - 2 scrolls of immolation {unknown}
 B - a scroll of torment {unknown}
Potions
 c - 2 potions of ambrosia
 d - 2 potions of might {unknown}
 f - 5 potions of curing {unknown}
 g - a potion of degeneration {unknown}
 n - 2 potions of flight {unknown}
 o - a potion of haste {unknown}
 r - a potion of invisibility {unknown}
 u - a potion of attraction {unknown}
 x - a potion of heal wounds {unknown}
 C - a potion of lignification {unknown}
 E - a potion of berserk rage {unknown}


   Skills:
 + Level 7.6 Fighting
 * Level 10.1 Long Blades
 + Level 5.6 Ranged Weapons
 + Level 6.4 Armour
 + Level 7.0 Dodging
 + Level 5.1 Stealth


You had 9 spell levels left.
You didn't know any spells.
Your spell library contained the following spells:

 Spells                   Type           Power      Damage    Failure   Level
 Ensorcelled Hibernation  Hex/Ice        0%         N/A       56%         2
 Passwall                 Tmut/Erth      0%         N/A       56%         2
 Swiftness                Air            0%         N/A       80%         3


Dungeon Overview and Level Annotations

Branches:
Dungeon (8/15)             Temple (0/1) D:5
   Lair: D:8-11

Altars:
Fedhas
Hepliaklqana
Kikubaaqudgha
Makhleb
Qazlal
Uskayaw
Yredelemnul
The Shining One

Shops:
D:2 :   D:6 *

Annotations:
D:6 3 runed translucent doors, Azuvok's ghost, novice FoFi
D:8 1 runed translucent door, PaleRider's ghost, novice DECj


Innate Abilities, Weirdness & Mutations

Your life essence is reduced to manifest your ancestor. (-10% HP)
You have a pair of horns on your head.
You reflexively headbutt those who attack you in melee.


Message History

No target in view!
You swap places.
Key pressed, stopping explore.
A two-headed ogre comes into view. It is wielding two +0 giant clubs.
A two-headed ogre is nearby!
A two-headed ogre is nearby!
A two-headed ogre is nearby!
The two-headed ogre shouts in stereo!
Shedsu-nefertum casts a spell at the two-headed ogre.
The stone arrow hits the two-headed ogre!
The two-headed ogre hits you with a +0 giant club!!
The two-headed ogre hits you with a +0 giant club!
You slash the two-headed ogre! You headbutt the two-headed ogre.
The two-headed ogre is heavily wounded.
The two-headed ogre misses you.
The two-headed ogre hits you with a +0 giant club!
Shedsu-nefertum points at the two-headed ogre and mumbles some strange words.
The puff of frost hits the two-headed ogre!
You are too injured to fight recklessly!
You are too injured to fight recklessly!
You are too injured to fight recklessly!
You are too injured to fight recklessly!
You are too injured to fight recklessly!
You are too injured to fight recklessly!
You are too injured to fight recklessly!
You are too injured to fight recklessly!
You are too injured to fight recklessly!
You are too injured to fight recklessly!
You are too injured to fight recklessly!
You are too injured to fight recklessly!
You are too injured to fight recklessly!
You are too injured to fight recklessly!
You slash the two-headed ogre!
The two-headed ogre is almost dead.
You hit the two-headed ogre.
The two-headed ogre is almost dead.
The two-headed ogre hits you with a +0 giant club!!
* * * LOW HITPOINT WARNING * * *
The two-headed ogre hits you with a +0 giant club!
You die...

......# ######.............(....
##.##.####............###########
...##.#..........................
##.##.#)##..)...........#.#....##
##..#.#.#######........##.#....#
......#.# #...#...###.###..#
##..###)# #...##### #......##
......#.# #)R.# #####.###
....#.#.# #.@.# #.### ##......#
##O## #.##. #####.### ... #.##.
......# .#.#. #.##. #######
#.#.... #.... . ... ## ####. #.
### #. # #. ##


You could see the friendly Shedsu-nefertum the battlemage and a two-headed ogre
(ally target).

Vanquished Creatures
  Pikel (D:8)
  A wyvern (D:8)
  4 yaks (D:6)
  A wraith (D:7)
  An orc warrior (D:7)
  An ice beast (D:7)
  2 sky beasts
  2 centaurs
  2 lemures (D:8)
  A kobold brigand (D:7)
  A bullfrog (D:7)
  A necrophage (D:7)
  2 scorpions (D:4)
  4 wights
  2 howler monkeys
  2 hounds
  An orc priest (D:3)
  A jelly (D:6)
  An iguana (D:4)
  3 orc wizards
  Terence (D:1)
  6 adders
  A shadow imp (D:7)
  An ufetubus (D:6)
  2 worms
  3 dart slugs (D:2)
  8 orcs
  8 endoplasms
  3 giant cockroaches
  9 goblins
  3 hobgoblins (D:1)
  A quokka (D:1)
  6 ball pythons
  5 bats
  5 frilled lizards
  9 kobolds
  6 rats
111 creatures vanquished.

Vanquished Creatures (collateral kills)
  Eustachio (D:6)
  A yak (D:6)
  A wraith (D:6)
  A wyvern (D:6)
  A water moccasin (D:6)
  An ice beast (D:6)
  2 ogres
  A lemure (D:8)
  2 phantoms
  3 wights
  An orc priest (D:8)
  An iguana (D:6)
  An orc wizard (D:7)
  2 adders
  A shadow imp (D:7)
  7 orcs
  An endoplasm (D:4)
  A goblin (D:4)
  3 kobolds
  A bat (D:4)
33 creatures vanquished.

Vanquished Creatures (others)
  A battlemage (D:6)
  A fungus (D:4)
2 creatures vanquished.

Grand Total: 146 creatures vanquished

Notes
Turn   | Place    | Note
-------+----------+-------------------------------------------
     0 | D:1      | Anon1729 the Minotaur Monk began the quest for the Orb.
     0 | D:1      | Reached XP level 1. HP: 19/19 MP: 0/0
   399 | D:1      | Reached XP level 2. HP: 27/27 MP: 1/1
   461 | D:1      | Reached skill level 4 in Long Blades
   534 | D:1      | Reached skill level 1 in Armour
   967 | D:2      | Noticed Terence
   978 | D:1      | Killed Terence
   979 | D:1      | Reached XP level 3. HP: 24/33 MP: 2/2
  1090 | D:2      | Found a blossoming altar of Fedhas.
  1270 | D:2      | Reached XP level 4. HP: 36/40 MP: 3/3
  1763 | D:2      | Found Tainefid's Book Boutique.
  2301 | D:3      | Found a hazy altar of Hepliaklqana.
  2418 | D:3      | Reached skill level 5 in Long Blades
  2418 | D:3      | Reached XP level 5. HP: 34/47 MP: 4/4
  2839 | D:3      | Became a worshipper of Hepliaklqana the Forgotten
  2839 | D:3      | Reached * piety under Hepliaklqana
  2839 | D:3      | Reached ** piety under Hepliaklqana
  2840 | D:3      | Remembered your ancestor Shedsu-nefertum as a battlemage
  2905 | D:4      | Reached skill level 1 in Ranged Weapons
  2930 | D:4      | Noticed a phantom
  2938 | D:4      | Killed a phantom
  3226 | D:4      | Reached XP level 6. HP: 36/47 MP: 5/5
  3959 | D:5      | Entered Level 5 of the Dungeon
  4139 | D:5      | Found a staircase to the Ecumenical Temple.
  4217 | D:5      | Reached skill level 5 in Fighting
  4217 | D:5      | Reached skill level 6 in Long Blades
  4217 | D:5      | Reached XP level 7. HP: 37/54 MP: 6/6
  5055 | D:6      | Noticed a wraith
  5060 | D:6      | Killed a wraith
  5234 | D:6      | Found a runed translucent gate.
  5234 | D:6      | Found a runed translucent gate.
  5235 | D:6      | Found a runed translucent gate.
  5237 | D:6      | Noticed Azuvok's ghost (novice FoFi)
  5411 | D:6      | Reached *** piety under Hepliaklqana
  5729 | D:6      | Reached skill level 5 in Dodging
  5755 | D:6      | Reached skill level 7 in Long Blades
  5755 | D:6      | Reached XP level 8. HP: 44/62 MP: 7/7
  6080 | D:6      | HP: 3/63 [wyvern (14)]
  6081 | D:6      | HP: 1/63 [wyvern (2)]
  6399 | D:6      | Found a basalt altar of Yredelemnul.
  6407 | D:6      | Found Qetosu Ciwiu's General Store.
  6422 | D:6      | Noticed Eustachio
  6425 | D:6      | Bought a scroll of teleportation for 36 gold pieces
  6442 | D:6      | Killed Eustachio
  6746 | D:6      | Reached skill level 8 in Long Blades
  6897 | D:6      | Reached skill level 5 in Armour
  6903 | D:6      | Reached XP level 9. HP: 61/70 MP: 8/8
  7188 | D:7      | Reached skill level 9 in Long Blades
  7473 | D:7      | Reached skill level 5 in Ranged Weapons
  7958 | D:7      | Found an ancient bone altar of Kikubaaqudgha.
  7959 | D:7      | Found a burning altar of Makhleb.
  8094 | D:7      | Found a glowing golden altar of the Shining One.
  8243 | D:7      | Reached skill level 5 in Stealth
  8614 | D:8      | Found a runed translucent door.
  8615 | D:8      | Noticed PaleRider's ghost (novice DECj)
  8703 | D:8      | Noticed Pikel
  8708 | D:8      | Killed Pikel
  8709 | D:8      | Reached skill level 10 in Long Blades
  8709 | D:8      | Reached XP level 10. HP: 63/77 MP: 9/9
  8813 | D:8      | Found a hide-covered altar of Uskayaw.
  8996 | D:8      | Found a stormy altar of Qazlal.
  9163 | D:8      | Noticed a two-headed ogre
  9168 | D:8      | HP: 1/77 [two-headed ogre/+0 giant club (25)]
  9168 | D:8      | Demolished by a two-headed ogre

Illustrated notes

Levels and vault maps discovered:
D:1:      psy_arrival_radial02, layout_loops_ring
D:2:      layout_basic, serial_shops, nicolae_shop_stone, basic_altar,
          uniq_terence
D:3:      layout_rooms, worldfamousw_hep_ancestral_shrine
D:4:      old_forge, layout_gridville
D:5:      layout_layer_cave, minmay_temple_entry_slanted
D:6:      layout_loops_ring, kennysheep_mini_moat, gammafunk_ghost_necromancy,
          serial_shops, shop_coins, st_stairs_3, kennysheep_generic_room_9,
          uniq_eustachio
D:7:      layout_loops_ring, nicolae_overflow_hidden_temple,
          mainiacjoe_overflow_big_doors, tso_altar, st_stairs_1
D:8:      layout_loops_cross, lemuel_coloured_pillars_altar,
          nicolae_uskayaw_suspiria, ebering_ghost_reflecting_pool, uniq_pikel

Skill      XL: |  1  2  3  4  5  6  7  8  9 10 |
---------------+-------------------------------+-----
Long Blades    | 4 5 6 7 8 10 | 10.1
Armour         | 1 2 3 5 6 |  6.4
Fighting       | 4 5 6 7 |  7.6
Stealth        | 2 3 4 5 |  5.1
Dodging        | 4 5 6 7 |  7.0
Ranged Weapons | 1 2 3 4 5 |  5.6

Action                   |  1- 3 |  4- 6 |  7- 9 | 10-12 || total
-------------------------+-------+-------+-------+-------++-------
Melee: Falchion          |    68 |    91 |   142 |     7 ||   308
       Headbutt          |    11 |    17 |    31 |     1 ||    60
       Punch             |       |       |     5 |       ||     5
Invok: Ancestor Life: Ba |       |     1 |       |       ||     1
 Stab: Sleeping          |     6 |     3 |     2 |       ||    11
       Distracted        |       |     1 |     4 |       ||     5
Armor: Robe              |    12 |    12 |    17 |       ||    41
Dodge: Dodged            |    35 |    60 |    70 |     2 ||   167

Table legend: (Time is in decaauts)
 A = Elapsed time spent in this place.
 B = Non-inter-level travel time spent in this place.
 C = Inter-level travel time spent in this place.
 D = Time resting spent in this place.
 E = Time spent auto-exploring this place.
 F = Levels seen in this place.
 G = Mean time per level.
                   A        B        C        D        E       F      G
               +--------+--------+--------+--------+--------+-----+--------+
         Total |   9168 |   8810 |    358 |    418 |   7533 |   8 | 1146.0 |
       Dungeon |   9168 |   8810 |    358 |    418 |   7533 |   8 | 1146.0 |
               +--------+--------+--------+--------+--------+-----+--------+

Top non-repeatable levels by time:
     D:6: 1868 daAuts
     D:7: 1360 daAuts
     D:5: 1335 daAuts
     D:2: 1146 daAuts
     D:4: 1105 daAuts
     D:1: 981 daAuts
     D:3: 736 daAuts
     D:8: 633 daAuts
